 Dungeon Crawl Stone Soup version 0.29-a0-653-gd47aff6735 (webtiles) character file.

Game seed: 6743318734534915086

28 HoaS the Ducker (level 2, 0/14 HPs)
             Began as a Felid Berserker on June 21, 2022.
             Was a Follower of Trog.
             Killed by nerve-wracking pain
             ... invoked by Jessica
              (12 damage)
             ... on level 2 of the Dungeon.
             The game lasted 00:02:25 (1001 turns).

HoaS the Ducker (Felid Berserker)                   Turns: 1001, Time: 00:02:25

Health: 0/14       AC:  1    Str: 13    XL:     2   Next: 96%
Magic:  3/3        EV: 18    Int:  8    God:    Trog [*.....]
Gold:   66         SH:  5    Dex: 15    Spells: 1/1 levels left
                                        Lives:  0   Deaths: 0

rFire   . . .      SeeInvis +     - Unarmed
rCold   . . .      Faith    .   (shield unavailable)
rNeg    . . .      Spirit   .   (body armour unavailable)
rPois   .          Reflect  +   (helmet unavailable)
rElec   .          Harm     .   (cloak unavailable)
rCorr   .          Rampage  .   (gloves unavailable)
Will    .....                   (boots unavailable)
Stlth   +.........              f - amulet of reflection
HPRegen 0.04/turn               (no ring)
MPRegen 0.08/turn               (no ring)

@: quick
A: very small, claws 1, fangs 3, see invisible, speed 1, shaggy fur 1, stealthy
paws, no weapons or thrown items, no armour, multi-lived
a: Renounce Religion, Berserk


You were on level 2 of the Dungeon.
You worshipped Trog.
Trog was aware of your devotion.
You visited 1 branch of the dungeon, and saw 2 of its levels.

You collected 115 gold pieces.
You spent 49 gold pieces at shops.

Inventory:

Jewellery
 f - an amulet of reflection (around neck)
Scrolls
 b - a scroll of identify
Potions
 a - a potion of invisibility
 c - a potion of brilliance {unknown}
 d - a potion of ambrosia {unknown}
 e - a potion of curing {unknown}
 g - a potion of berserk rage {unknown}
 i - a potion of magic {unknown}


   Skills:
 * Level 3.5 Fighting
 + Level 4.3 Dodging
 * Level 3.5 Unarmed Combat


You had one spell level left.
You didn't know any spells.
Your spell library was empty.

Dungeon Overview and Level Annotations

Branches:
Dungeon (2/15)

Altars:

Shops:
D:1 ([**

Annotations:
D:2 Jessica


Innate Abilities, Weirdness & Mutations

You have sharp claws.
You have razor-sharp teeth.
You have supernaturally acute eyesight. (SInv)
You cover ground quickly. (Speed+)
You are covered in fur. (AC +1)
Your paws help you pounce on unaware monsters.
You are incapable of wielding weapons or throwing items.
You cannot wear armour.
You gain extra lives every three experience levels.


Message History

You barely miss the orc. You bite the orc.
The orc is heavily wounded.
The orc closely misses you.
You scratch the orc but do no damage.
The orc is moderately wounded.
The orc closely misses you.
You barely miss the orc. Your bite misses the orc.
The orc is moderately wounded.
The orc closely misses you.
You claw the orc!
You kill the orc!
Trog accepts your kill.
Things that are here:
a +0 club; a +0 leather armour; an orc corpse You start resting.
HP restored.
You see here a +0 ring mail.
A dart slug comes into view.
You scratch the dart slug.
The dart slug is lightly wounded.
The dart slug launches a dart at you. The slug dart hits you.
You scratch the dart slug.
The dart slug is heavily wounded.
The dart slug closely misses you.
You scratch the dart slug.
The dart slug is almost dead.
You scratch the dart slug.
You kill the dart slug!
Trog accepts your kill.
No target in view!
You see here a dart slug corpse.
b - a scroll of identify You start resting.
Jessica the Apprentice Sorceress comes into view.
She is wielding a +0 club and wearing a +2 robe of fire resistance.
Jessica shouts!
Jessica gestures at you while chanting. Pain shoots through your body!
Ouch! That really hurt!
You die...

####### ##############
......# #............#
##.##.####.#####.####.#
#....†.......###.#
##.##.####.#.#.#.####.###
##.##.# #.#.............
......# #.#....@####.###
##.#### #.##....#
#.#######.###.#.#
##..............@.
..[...###.####.####
......# #'# ......## ..
.......# .......#


You could see Jessica.

Vanquished Creatures
  An adder (D:2)
  A dart slug (D:2)
  An orc (D:2)
  3 bats
  2 goblins (D:1)
  A hobgoblin (D:1)
  A quokka (D:1)
  4 ball pythons (D:1)
  2 rats (D:2)
16 creatures vanquished.

Notes
Turn   | Place    | Note
-------+----------+-------------------------------------------
     0 | D:1      | HoaS the Felid Berserker began the quest for the Orb.
     0 | D:1      | Reached XP level 1. HP: 10/10 MP: 2/2
   103 | D:1      | Found a faded altar of an unknown god.
   182 | D:1      | Found Siron's Antique Armour Shop.
   184 | D:1      | Found Ipimet's General Store.
   188 | D:1      | Found Ompoaq's Weapon Shop.
   451 | D:1      | Reached XP level 2. HP: 14/14 MP: 3/3
   552 | D:1      | Found Piluibil's Assorted Antiques.
   563 | D:1      | Bought a scroll labelled CARAKO QUEM for 26 gold pieces
   563 | D:1      | Bought a black potion for 23 gold pieces
   999 | D:2      | Noticed Jessica
  1001 | D:2      | Killed from afar by Jessica

Illustrated notes

Levels and vault maps discovered:
D:1:      ncdulo_halloftheorcs, layout_basic, serial_shops, shop, shop, shop,
          shop, hellmonk_ecumenical_altar_leap_of_faith, minmay_tromino_v7
D:2:      layout_loops_corners, uniq_jessica, uniq_natasha

Action                   || total
-------------------------++-------
Melee: Unarmed           ||    43
       Bite              ||     5
       Punch             ||     2
  Use: Scroll            ||     2
       Potion            ||     1
 Stab: Sleeping          ||     2
Armor: Skin              ||     1
Dodge: Dodged            ||    24
Block: Other             ||     3

Table legend: (Time is in decaauts)
 A = Elapsed time spent in this place.
 B = Non-inter-level travel time spent in this place.
 C = Inter-level travel time spent in this place.
 D = Time resting spent in this place.
 E = Time spent auto-exploring this place.
 F = Levels seen in this place.
 G = Mean time per level.
                   A        B        C        D        E       F      G
               +--------+--------+--------+--------+--------+-----+--------+
         Total |    876 |    870 |      6 |    303 |    436 |   2 |  438.0 |
       Dungeon |    876 |    870 |      6 |    303 |    436 |   2 |  438.0 |
               +--------+--------+--------+--------+--------+-----+--------+

Top non-repeatable levels by time:
     D:1: 539 daAuts
     D:2: 337 daAuts
